 Dungeon Crawl Stone Soup version 0.25.1-2-g60ff931df9 (webtiles) character file.

Game seed: 1999744753546656803

1567375 toffzen the Conqueror (level 27, 249/249 HPs)
             Began as a Formicid Berserker on Aug 1, 2020.
             Was a High Priest of Trog.
             Escaped with the Orb
             ... and 3 runes on Aug 9, 2020!
             The game lasted 03:31:36 (90426 turns).

toffzen the Conqueror (Formicid Berserker)         Turns: 90426, Time: 03:31:37

Health: 249/249    AC: 29    Str: 29    XL:     27
Magic:  10/10      EV: 27    Int: 10    God:    Trog [*****.]
Gold:   7901       SH: 28    Dex: 24    Spells: 26/26 levels left

rFire    + + +     SeeInvis +   a - +3 great mace (antimagic)
rCold    + + +     Gourm    .   U - +1 tower shield {rC+ rF+}
rNeg     + + .     Faith    .   h - +2 gold dragon scales
rPois    +         Spirit   .   (helmet unavailable)
rElec    .         Reflect  +   r - scarf {repulsion}
rCorr    .         Harm     .   O - +0 pair of gloves of the Leaf {*Drain rN++ Stlth+}
MR       +++..                  s - +2 pair of boots
Stlth    ..........             Q - amulet of reflection
HPRegen  0.51/turn              Z - ring of Esso {rF+ MR+ Dex+7 Stlth+}
MPRegen  0.12/turn              p - ring of Naohexon {rPois rC+ EV+4 Dex+2}

@: repel missiles
A: permanent stasis, dig shafts and tunnels, four strong arms, antennae 3, slimy
green scales 1, deformed body, fire resistance 1, strong 1, no potion heal 1,
MP-powered wands
0: Orb of Zot
}: 3/15 runes: serpentine, barnacled, silver
a: Dig, Shaft Self, Trog's Hand, Brothers in Arms, Renounce Religion


You escaped.
You worshipped Trog.
Trog was extremely pleased with you.
You were not hungry.

You visited 10 branches of the dungeon, and saw 52 of its levels.
You also visited: Gauntlet.

You collected 8490 gold pieces.
You spent 589 gold pieces at shops.

Inventory:

Hand Weapons
 a - a +3 antimagic great mace (weapon)
 b - a +7 morningstar of draining
 c - the +8 dire flail of the Yoke {vorpal, +Inv rElec rPois MR+}
   (Trog gifted it to you on level 3 of the Crypt)

   It inflicts extra damage upon your enemies.
   It insulates you from electricity.
   It protects you from poison.
   It affects your resistance to hostile enchantments.
   It lets you turn invisible.
 j - the +1 hunting sling "Dumoqau" {speed, rPois MR+ Stlth-}
   (You found it on level 15 of the Dungeon)

   Attacks with this weapon are significantly faster.
   It protects you from poison.
   It affects your resistance to hostile enchantments.
   It makes you less stealthy.
 J - a +2 demon whip of electrocution
 N - a +4 great mace of freezing
 R - the +5 broad axe of the Past {vorpal, MR+++ Str-3 Dex+5}
   (Trog gifted it to you on level 3 of the Crypt)

   It inflicts extra damage upon your enemies.
   It affects your strength (-3).
   It affects your dexterity (+5).
   It affects your resistance to hostile enchantments.
Missiles
 d - 1385 stones (quivered)
 g - 3 throwing nets
Armour
 h - +2 gold dragon scales (worn)
 r - a scarf of repulsion (worn)
 s - a +2 pair of boots (worn)
 C - +4 fire dragon scales {Xtahua}
 I - the +0 pair of gloves of Barnacled Miracles {*Slow rC+++ MP+9 Int+2}
   (You found it on level 6 of the Dungeon)

   It affects your intelligence (+2).
   It renders you almost immune to cold.
   It affects your magic capacity (+9).
   It may slow you when you take damage.
 O - the +0 pair of gloves of the Leaf (worn) {*Drain rN++ Stlth+}
   (You found it on level 9 of the Dungeon)

   It greatly protects you from negative energy.
   It causes draining when unequipped.
   It makes you more stealthy.
 U - a +1 tower shield of resistance (worn)
 X - the +0 plate armour "Vycopacoi" {Slay+5}
   (You found it in a Gauntlet)

   It affects your accuracy and damage with ranged weapons and melee attacks
   (+5).
Jewellery
 p - the ring of Naohexon (right hand) {rPois rC+ EV+4 Dex+2}
   (You found it on level 1 of the Lair of Beasts)

   [ring of evasion]

   It affects your evasion (+4).
   It affects your dexterity (+2).
   It protects you from cold.
   It protects you from poison.
 t - an uncursed ring of resist corrosion
 x - an uncursed ring of protection from fire
 z - an uncursed ring of protection from magic
 L - an uncursed ring of positive energy
 Q - an amulet of reflection (around neck)
 T - the ring "Cigg" {+Fly Slay+3}
   (You took it off a deep elf high priest on level 5 of the Vaults)

   [ring of flight]

   It affects your accuracy and damage with ranged weapons and melee attacks
   (+3).
   It lets you fly.
 Z - the ring of Esso (left hand) {rF+ MR+ Dex+7 Stlth+}
   (You bought it in a shop on level 2 of the Orcish Mines)

   [ring of stealth]

   It affects your dexterity (+7).
   It protects you from fire.
   It affects your resistance to hostile enchantments.
   It makes you more stealthy.
Wands
 e - a wand of acid (55)
 y - a wand of flame (86)
 B - a wand of iceblast (30)
Scrolls
 f - 4 scrolls of magic mapping
 i - 7 scrolls of fog
 w - 22 scrolls of remove curse
 D - 11 scrolls of enchant weapon
 F - 9 scrolls of fear
 H - 27 scrolls of identify
 S - 3 scrolls of holy word
Potions
 k - 4 potions of mutation
 l - a potion of ambrosia
 m - 4 potions of resistance
 o - 5 potions of might
 q - 27 potions of curing
 v - 9 potions of lignification
 A - a potion of stabbing
 G - 3 potions of magic
 K - 5 potions of invisibility
 P - 3 potions of heal wounds
 V - 11 potions of flight
 Y - a potion of cancellation
Miscellaneous
 n - a phial of floods
 u - a lightning rod (4/4)
 M - a lightning rod (4/4)
 W - 2 boxes of beasts
Comestibles
 E - 30 rations


   Skills:
 O Level 27 Fighting
 + Level 23.8 Maces & Flails
 + Level 24.7 Armour
 + Level 21.5 Dodging
 - Level 15.0 Shields
 - Level 12.0 Evocations


You had 26 spell levels left.
You didn't know any spells.
Your spell library was empty.

Dungeon Overview and Level Annotations

Branches:
Dungeon (15/15)            Temple (0/1) D:4            Lair (6/6) D:10
 Shoals (4/4) Lair:4        Snake (4/4) Lair:2          Orc (2/2) D:10
    Elf (3/3) Orc:2        Vaults (5/5) D:14          Crypt (3/3) Vaults:2
   Tomb (0/3) Crypt:3      Depths (5/5) D:15            Zot (5/5) Depths:5
Gauntlet (visited)
  Slime: Lair:5-6

Altars:
Dithmenos
Okawaru
Vehumet
Xom
The Shining One
Beogh

Shops:
D:7 ?   Orc:2 =*([   Vaults:5 (   Depths:4 %

Portals:
Hell: Depths:1 Depths:2 Depths:3 Depths:4 Depths:5
Abyss: Crypt:2 Depths:2 Depths:4
Pandemonium: Depths:1 Depths:3 Depths:5
Ziggurat: Depths:4

Annotations:
D:3 1 runed translucent door, IHuginn's ghost, amateur GrFi
Lair:4 exclusion: oklob plant
Lair:5 exclusion: oklob plant
Shoals:4 Polyphemus
Depths:3 exclusion: 2 orange crystal statues
Zot:5 1 exclusion


Innate Abilities, Weirdness & Mutations

You cannot be hasted, slowed, berserked, paralysed or teleported.
You can dig through walls and to a lower floor.
Your four strong arms can wield two-handed weapons with a shield.
You have a pair of large antennae on your head. (SInv)
You are partially covered in slimy green scales. (AC +2)
Armour fits poorly on your strangely shaped body.
Your flesh is heat resistant. (rF+)
Your muscles are strong. (Str +2)
Potions are less effective at restoring your health.
You expend magic power (3 MP) to strengthen your wands.


Message History

You destroy the large abomination!
Trog accepts your kill.
Unknown command.
Unknown command.
Unknown command.
There is an open door here.
You feel the effects of Trog's Hand fading.
There is a stone staircase leading up here.
You climb upwards.
There is a stone staircase leading down here.
Your skin stops crawling.
You feel less resistant to hostile enchantments.
You extend your mandibles.
You dig through the rock wall.
You retract your mandibles.
You extend your mandibles.
You dig through the rock wall.
You retract your mandibles.
There is a staircase leading out of the dungeon here.
You have escaped!

.........######.#
#.##########.#.
###.............#
#...........##.
#.####.########
###########.##. #
######.## #.........
####...##.### #.####....
.##.###.##..###### #.#
##### ####.###.#.#.##..#
#.# ..##.##..#.##...2# #.#
#....#.#..#####6@# #.#
####.#.##.###6..6# #.#
....###.##...##..# #.#
################## #.# .#
#.# ##...## #.# .# #.#
##.....## #.# .# #.#
#.......# #.# .# #.#
##.....## #.#
.#####.#####....########.#


You could see a gelid warmonger (icemail), a reaper (wandering) and 2
demonspawn.

Vanquished Creatures
  9 orbs of fire
  7 ancient liches
  2 juggernauts
  Boris (5 times) (Vaults:4 D:15 Crypt:1 Crypt:2 Vaults:5)
  Frederick (Vaults:4)
  4 Killer Klowns (Zot:5)
  3 curse toes
  A pandemonium lord (Zot:5)
  Xtahua (Vaults:4)
  A caustic shrike (Depths:3)
  11 golden dragons
  The ghost of Vailuoroe the Devastator, a veteran GrEE of Lugonu (Crypt:3)
  A bone dragon (Depths:4)
  A Tzitzimitl (Zot:5)
  6 electric golems
  16 tentacled monstrosities
  5 titans (Vaults:5)
  5 liches
  28 Orb Guardians
  Asterion (Snake:2)
  2 deep elf master archers (Elf:3)
  6 quicksilver dragons
  2 deep elf blademasters (Elf:3)
  7 death cobs
  Frances (D:12)
  4 sphinxes
  Gastronok (Lair:2)
  Kirke (D:12)
  10 ancient champions
  A kraken (Shoals:2)
  6 shadow dragons
  7 tengu reavers
  11 storm dragons
  A draconian monk (Zot:4)
  2 revenants
  14 nagarajas
  5 deep elf sorcerers
  9 fire giants
  An iron dragon (Depths:3)
  14 frost giants
  A blood saint (Zot:5)
  3 orc warlords
  7 draconian knights
  A juggernaut zombie (Crypt:2)
  2 curse skulls
  4 deep elf elementalists
  6 draconian scorchers
  13 ghouls
  Louise (Depths:4)
  9 ironheart preservers
  8 vault wardens
  3 ghost moths
  7 draconian shifters
  Aizul (Snake:2)
  A cacodemon (Zot:1)
  18 very ugly things
  3 draconian annihilators
  6 caustic shrike skeletons (Crypt:3)
  19 stone giants
  A juggernaut skeleton (Crypt:1)
  3 large abominations
  4 war gargoyles
  A draconian stormcaller (Zot:1)
  5 vampire knights
  Nessos (D:15)
  11 green draconians
  4 entropy weavers
  A dire elephant (D:15)
  A minotaur (Gauntlet)
  7 white draconians
  10 purple draconians
  10 black draconians
  7 yellow draconians
  A lorocyproca (D:14)
  11 deep elf annihilators
  5 deep elf demonologists
  13 red draconians
  8 spark wasps
  3 eidola
  16 ettins
  2 merfolk javelineers (Shoals:4)
  2 blizzard demons
  A green death (Zot:5)
  7 fire dragons
  A quicksilver dragon zombie (Crypt:2)
  16 deep elf death magi
  13 jiangshi
  5 deep elf high priests
  15 yaktaur captains
  5 merfolk impalers
  Josephine (Shoals:1)
  9 ogre magi
  7 great orbs of eyes
  29 vault guards
  31 naga warriors
  A quicksilver dragon skeleton (Crypt:3)
  Fannar (D:10)
  10 ice dragons
  A spriggan air mage (Depths:2)
  7 hydras
  8 rakshasas
  A hell beast (Depths:1)
  A satyr (Shoals:3)
  3 anacondas (Snake:1)
  3 catoblepae (Lair:6)
  18 two-headed ogres
  Erica (Lair:2)
  3 merfolk avatars
  13 centaur warriors
  27 dancing weapons
  The ghost of nebnoj the Cleaver, a novice DDFi of Okawaru (Lair:1)
  5 death knights
  7 tengu warriors
  6 merfolk aquamancers
  15 death yaks
  A titan zombie (Crypt:2)
  11 vampire magi
  10 deep troll shamans
  10 deep troll earth magi
  Urug (Lair:2)
  An orc high priest (Orc:2)
  2 soul eaters
  21 naga sharpshooters
  6 shock serpents
  Sonja (Lair:3)
  A sun demon (Depths:5)
  Nergalle (Lair:1)
  15 deep elf knights
  3 titan skeletons (Crypt:3)
  2 small abominations (Vaults:5)
  3 death drakes
  A sixfirhy (Zot:1)
  11 hell knights
  4 iron trolls
  47 skeletal warriors
  20 deep trolls
  A spectral anaconda (Depths:3)
  9 shadow wraiths
  A spectral hydra (Depths:3)
  A torturous demonspawn (D:14)
  A wizard (Vaults:3)
  10 flayed ghosts
  An iron giant zombie (Crypt:1)
  An unseen horror (D:14)
  17 deep elf archers
  3 storm dragon skeletons
  9 ironbrand convokers
  11 sea snakes
  An orange crystal statue (Gauntlet)
  4 glowing orange brains
  3 anaconda skeletons (Crypt:3)
  14 phantasmal warriors
  A harpy (shapeshifter) (Depths:1)
  4 naga ritualists
  3 infernal demonspawn (Depths:5)
  12 necromancers
  10 orc knights
  21 harpies
  33 ugly things
  78 deep elf magi
  2 tengu skeletons
  2 fire giant zombies (Crypt:2)
  An oklob plant (D:10)
  6 orc sorcerers
  4 wolf spiders
  An iron dragon skeleton (Crypt:3)
  5 mana vipers
  6 cyclopes
  5 salamanders
  A frost giant zombie (Vaults:5)
  2 shadow dragon skeletons
  An iron dragon zombie (Crypt:2)
  15 moths of wrath
  5 merfolk sirens
  4 fire giant skeletons
  4 elephants (Lair:6)
  23 black mambas
  11 manticores
  A salamander (shapeshifter) (Elf:1)
  5 fauns
  A guardian serpent (shapeshifter) (Vaults:1)
  20 naga magi
  2 stone giant skeletons
  10 vault sentinels
  8 guardian serpents
  2 rust devils
  An eye of devastation (shapeshifter) (Vaults:5)
  A black mamba (shapeshifter) (D:15)
  A human skeleton (Vaults:5)
  2 orange demons
  A smoke demon (Depths:5)
  A titan simulacrum (Crypt:1)
  A gargoyle (D:13)
  6 water nymphs
  5 spectral swamp worms
  A shock serpent skeleton (Crypt:3)
  A hellion (D:2)
  6 komodo dragons
  51 yaktaurs
  11 spiny frogs
  A minotaur zombie (Crypt:1)
  A redback zombie (D:15)
  An efreet (D:15)
  A dire elephant skeleton (Crypt:1)
  A rime drake (Lair:2)
  2 spectral merfolk (Depths:3)
  An anaconda simulacrum (Depths:3)
  6 freezing wraiths
  2 ice devils
  6 tengu conjurers
  A grey draconian skeleton (Crypt:2)
  A yellow draconian skeleton (Crypt:3)
  4 trolls
  A sea snake skeleton (Crypt:3)
  A queen bee (shapeshifter) (Vaults:5)
  A polar bear (Lair:5)
  A tengu simulacrum (Vaults:3)
  4 wind drakes
  15 merfolk
  Grinder (D:6)
  A jumping spider (Vaults:4)
  3 hornets
  35 slime creatures
  A human simulacrum (Vaults:1)
  4 snapping turtles
  8 dream sheep
  18 blink frogs
  An alligator zombie (Crypt:2)
  A bog body (Crypt:3)
  2 raiju (Depths:3)
  2 hydra skeletons
  11 hippogriffs
  An ettin zombie (Vaults:5)
  2 stone giant simulacra
  15 flying skulls
  A tarantella (shapeshifter) (D:14)
  A guardian serpent skeleton (Crypt:3)
  2 redbacks
  A redback (shapeshifter) (Vaults:5)
  58 yaks
  2 fire dragon skeletons (Crypt:3)
  7 shadows
  A spriggan (Lair:5)
  An air elemental (Elf:2)
  An ice dragon skeleton (Crypt:3)
  2 black mamba skeletons (Crypt:3)
  Sigmund (D:6)
  3 wyverns
  19 water elementals
  A vampire (Depths:3)
  2 ynoxinuls (Zot:5)
  A fire elemental (Elf:3)
  2 basilisks
  26 wraiths
  A golden eye (shapeshifter) (Depths:2)
  6 hogs
  A hungry ghost (D:9)
  A steam dragon (Lair:3)
  A human (D:10)
  4 vampire mosquitoes
  A neqoxec (Zot:5)
  An ogre zombie (Vaults:1)
  2 swamp worms (Gauntlet)
  75 nagas
  13 wargs
  A hydra simulacrum (Depths:3)
  A naga (shapeshifter) (Depths:1)
  A soldier ant (D:11)
  2 acid dragons (D:14)
  6 hell hounds
  15 water moccasins
  A faun skeleton (Crypt:2)
  5 porcupines
  A floating eye (Depths:3)
  3 spectral spriggans (Depths:3)
  3 sky beasts
  4 black bears
  3 human zombies
  38 orc warriors
  A snapping turtle zombie (Crypt:2)
  A spectral troll (Depths:3)
  An ettin simulacrum (Crypt:1)
  A fire dragon simulacrum (Crypt:2)
  7 necrophages
  5 phantoms
  6 ice beasts
  13 boggarts
  A black bear (shapeshifter) (Depths:1)
  An orc skeleton (Vaults:1)
  2 eyes of draining (shapeshifter)
  9 wolves
  22 ogres
  19 centaurs
  9 crocodiles
  An elf skeleton (Vaults:3)
  2 big kobolds
  Blork the orc (Orc:2)
  19 bullfrogs
  A wyvern zombie (D:7)
  A cyclops zombie (Crypt:1)
  A spiny frog simulacrum (Lair:1)
  2 earth elementals
  A water moccasin zombie (D:7)
  A water moccasin skeleton (D:11)
  2 scorpions
  A spectral naga (Depths:3)
  2 spectral ogres (Depths:3)
  2 dream sheep simulacra (Lair:1)
  18 killer bees
  A snapping turtle simulacrum (Crypt:1)
  An orc simulacrum (Vaults:1)
  A troll skeleton (Crypt:2)
  44 wights
  2 electric eels (D:13)
  4 howler monkeys
  10 crimson imps
  A torpor snail simulacrum (Lair:1)
  2 quasits
  6 centaur zombies
  2 jellies
  3 bullfrog zombies
  2 komodo dragon simulacra (Lair:1)
  5 hounds
  21 orc priests
  A bullfrog skeleton (D:6)
  5 centaur skeletons
  23 orc wizards
  6 worker ants
  An iguana (D:4)
  A troll simulacrum (Depths:3)
  A killer bee zombie (D:8)
  A felid skeleton (Crypt:1)
  A hound zombie (D:5)
  2 hound skeletons
  2 howler monkey zombies
  2 worker ant zombies
  11 adders
  5 gnolls
  A howler monkey skeleton (Crypt:3)
  5 shadow imps
  A swamp drake skeleton (Crypt:1)
  2 white imps (Vaults:2)
  A dart slug (D:2)
  8 leopard geckos
  80 orcs
  2 ball pythons
  4 bats
  3 giant cockroaches
  5 goblins
  4 hobgoblins
  10 jackals
  2 quokkas
  A river rat zombie (Crypt:2)
  A ball python skeleton (D:4)
  A frilled lizard (D:2)
  A goblin zombie (Crypt:1)
  16 kobolds
  A leopard gecko zombie (Crypt:1)
  An orc zombie (Crypt:1)
  A quokka skeleton (D:4)
  A quokka zombie (D:5)
  5 rats
  A rat skeleton (Crypt:3)
  2 crawling corpses
  4 plants
  2 tentacles (Shoals:2)
2348 creatures vanquished.

Vanquished Creatures (collateral kills)
  A sphinx (Depths:4)
  A fire giant (shapeshifter) (Depths:1)
  A fire giant (Vaults:3)
  A vault warden (Vaults:5)
  A deep elf sorcerer (Elf:3)
  A curse skull (Crypt:3)
  A stone giant (Depths:1)
  A war gargoyle (Vaults:4)
  A very ugly thing (Depths:1)
  An ironheart preserver (Vaults:4)
  A slime creature (Vaults:1)
  A deep elf annihilator (Elf:3)
  An ettin (Vaults:3)
  2 merfolk impalers (Shoals:4)
  A merfolk javelineer (Shoals:4)
  3 fire dragons (Depths:4)
  A rakshasa (Depths:4)
  2 great orbs of eyes (Depths:4)
  A satyr (Shoals:3)
  A tengu warrior (Depths:4)
  7 dancing weapons (Elf:2)
  2 deep troll earth magi
  A naga sharpshooter (Snake:4)
  2 skeletal warriors (Crypt:3)
  4 deep elf knights (Elf:2)
  2 deep trolls (Depths:4)
  A wizard (Depths:4)
  A phantasmal warrior (Vaults:4)
  2 ironbrand convokers (Vaults:4)
  7 deep elf magi
  A cyclops (Shoals:1)
  A faun (Shoals:3)
  A black mamba (Snake:4)
  A water nymph (Shoals:2)
  4 yaktaurs
  A merfolk (Shoals:3)
  2 dream sheep (Shoals:1)
  A blink frog (shapeshifter) (Vaults:3)
  A wolf (Gauntlet)
66 creatures vanquished.

Vanquished Creatures (others)
  2 fire giants
  A ghost moth (Zot:5)
  A frost giant (Vaults:5)
  An iron dragon (Vaults:5)
  A yaktaur captain (Vaults:5)
  A dancing weapon (Crypt:3)
  A flayed ghost (Vaults:4)
  2 orc knights (Vaults:5)
  A deep elf mage (Vaults:5)
  A manticore (Shoals:4)
  2 yaktaurs
  2 raiju (Depths:3)
  2 orc warriors (Vaults:5)
  An orc (Vaults:5)
  3 demonic plants (Gauntlet)
  4 fungi
  14 plants
  13 tentacles (Shoals:2)
  2 withered plants (D:3)
55 creatures vanquished.

Grand Total: 2469 creatures vanquished

Notes
Turn   | Place    | Note
-------+----------+-------------------------------------------
     0 | D:1      | toffzen the Formicid Berserker began the quest for the Orb.
     0 | D:1      | Reached XP level 1. HP: 18/18 MP: 1/1
   287 | D:1      | Reached XP level 2. HP: 18/24 MP: 2/2
  1182 | D:2      | Reached XP level 3. HP: 29/29 MP: 3/3
  2014 | D:3      | Noticed a big kobold
  2094 | D:3      | Reached XP level 4. HP: 33/37 MP: 4/4
  2127 | D:3      | Noticed IHuginn's ghost (amateur GrFi)
  2168 | D:3      | Found a runed translucent door.
  2323 | D:3      | Killed a big kobold
  2323 | D:3      | Reached ** piety under Trog
  2323 | D:3      | Reached skill level 4 in Fighting
  2323 | D:3      | Reached XP level 5. HP: 26/42 MP: 5/5
  3455 | D:4      | Noticed a phantom
  3549 | D:4      | Reached XP level 6. HP: 48/48 MP: 6/6
  3971 | D:4      | Found a staircase to the Ecumenical Temple.
  4596 | D:5      | Entered Level 5 of the Dungeon
  4625 | D:5      | Noticed a necrophage
  4642 | D:5      | Killed a necrophage
  4642 | D:5      | Reached skill level 5 in Maces & Flails
  4840 | D:5      | Noticed a phantom
  4876 | D:5      | Killed a phantom
  4876 | D:5      | Reached XP level 7. HP: 53/54 MP: 7/7
  5218 | D:5      | Reached skill level 5 in Fighting
  5435 | D:5      | Reached XP level 8. HP: 61/61 MP: 8/8
  5514 | D:5      | Found a radiant altar of Vehumet.
  5915 | D:6      | Found a shadowy altar of Dithmenos.
  6051 | D:6      | Reached skill level 5 in Armour
  6219 | D:6      | Got a pair of heavily runed gloves
  6225 | D:6      | Identified the +0 pair of gloves of Barnacled Miracles
                  | {*Slow rC+++ MP+9 Int+2} (You found it on level 6 of the
                  | Dungeon)
  6293 | D:6      | Noticed Grinder
  6329 | D:6      | Killed Grinder
  6329 | D:6      | Reached skill level 6 in Fighting
  6388 | D:6      | Noticed Sigmund
  6419 | D:5      | Reached XP level 9. HP: 58/68 MP: 9/9
  6531 | D:6      | Killed Sigmund
  6851 | D:6      | Reached skill level 5 in Dodging
  7406 | D:7      | Reached *** piety under Trog
  7437 | D:7      | Noticed a hippogriff
  7602 | D:7      | Reached skill level 7 in Fighting
  7632 | D:7      | Found Zeghyda's Magic Scroll Shop.
  7660 | D:7      | Bought a scroll of identify for 20 gold pieces
  7777 | D:7      | Reached XP level 10. HP: 73/78 MP: 10/10
  7962 | D:7      | Identified the Compendium of the Traveller and Dark Arts
  8275 | D:7      | Reached skill level 1 in Shields
  8805 | D:8      | Reached skill level 8 in Fighting
  9040 | D:8      | Reached **** piety under Trog
  9040 | D:8      | Reached skill level 10 in Maces & Flails
  9916 | D:9      | Got a pair of glimmering gloves
  9927 | D:9      | Identified the +0 pair of gloves of the Leaf {*Drain rN++
                  | Stlth+} (You found it on level 9 of the Dungeon)
  9952 | D:9      | Reached skill level 9 in Fighting
  9952 | D:9      | Reached skill level 5 in Shields
  9952 | D:9      | Reached XP level 11. HP: 87/88 MP: 11/11
 10548 | D:10     | Entered Level 10 of the Dungeon
 10583 | D:10     | Found a staircase to the Lair.
 10584 | D:10     | Noticed an oklob plant
 10809 | D:10     | Noticed Fannar
 10901 | D:10     | Killed Fannar
 10901 | D:10     | Reached skill level 10 in Fighting
 11279 | D:10     | Reached ***** piety under Trog
 11406 | D:10     | Found a staircase to the Orcish Mines.
 11446 | D:10     | Found a roughly hewn altar of Beogh.
 11688 | D:10     | Reached skill level 11 in Fighting
 11846 | D:10     | Received a gift from Trog
 12026 | D:10     | Killed an oklob plant
 12026 | D:10     | Reached XP level 12. HP: 99/99 MP: 12/12
 12034 | Lair:1   | Entered Level 1 of the Lair of Beasts
 12600 | Lair:1   | Reached skill level 10 in Shields
 12602 | Lair:1   | Noticed Nergalle
 12623 | Lair:1   | Killed Nergalle
 12954 | Lair:1   | Found a runed translucent gate.
 12954 | Lair:1   | Found a runed translucent gate.
 12954 | Lair:1   | Found a runed translucent gate.
 12959 | Lair:1   | Noticed nebnoj's ghost (novice DDFi)
 13365 | Lair:2   | Reached skill level 12 in Fighting
 13730 | Lair:2   | Found a staircase to the Snake Pit.
 13806 | Lair:2   | Noticed Erica
 13830 | Lair:2   | Killed Erica
 13854 | Lair:2   | Noticed Gastronok
 13854 | Lair:2   | Noticed Urug
 13873 | Lair:2   | Killed Urug
 13882 | Lair:2   | Killed Gastronok
 14010 | Lair:2   | Reached XP level 13. HP: 100/108 MP: 13/13
 14581 | Lair:3   | Noticed a six-headed hydra
 14587 | Lair:3   | Killed a six-headed hydra
 14663 | Lair:3   | Found a gate leading to a gauntlet.
 14675 | Gauntlet | Entered a Gauntlet
 14675 | Gauntlet | Found a transporter.
 14675 | Gauntlet | Found a large runed translucent door.
 14675 | Gauntlet | Found a large runed translucent door.
 14675 | Gauntlet | Found a large runed translucent door.
 14675 | Gauntlet | Found a large runed translucent door.
 14675 | Gauntlet | Found a runed translucent door.
 14675 | Gauntlet | Found a runed translucent door.
 14675 | Gauntlet | Found a large runed translucent door.
 14675 | Gauntlet | Found a large runed translucent door.
 14675 | Gauntlet | Found a large runed translucent door.
 14675 | Gauntlet | Found a large runed translucent door.
 14675 | Gauntlet | Found a large runed translucent door.
 14675 | Gauntlet | Found a large runed translucent door.
 14676 | Gauntlet | Found a large runed translucent door.
 14676 | Gauntlet | Found a large runed translucent door.
 14677 | Gauntlet | Found a large runed translucent door.
 14677 | Gauntlet | Found a large runed translucent door.
 14677 | Gauntlet | Found a large runed translucent door.
 14677 | Gauntlet | Found a large runed translucent door.
 14678 | Gauntlet | Found a runed translucent gate.
 14678 | Gauntlet | Found a runed translucent gate.
 14678 | Gauntlet | Found a runed translucent gate.
 14679 | Gauntlet | Found a transporter.
 14684 | Gauntlet | Found a transporter.
 14684 | Gauntlet | Found a transporter.
 14698 | Gauntlet | Reached skill level 13 in Fighting
 14713 | Gauntlet | Found a transporter.
 14805 | Gauntlet | Found a transporter.
 14811 | Gauntlet | Found a transporter.
 14917 | Gauntlet | Found a transporter.
 14929 | Gauntlet | Found a transporter.
 14937 | Gauntlet | Found a transporter.
 14957 | Gauntlet | Got a dazzling dagger
 14960 | Gauntlet | Found a transporter.
 14964 | Gauntlet | Found a transporter.
 14964 | Gauntlet | Noticed a cacodemon
 14995 | Gauntlet | Noticed a minotaur
 15005 | Gauntlet | Killed a minotaur
 15015 | Gauntlet | Got a fading ring mail
 15015 | Gauntlet | Got a faintly glowing plate armour
 15016 | Gauntlet | Identified the cursed +0 plate armour "Vycopacoi" {Slay+5}
                  | (You found it in a Gauntlet)
 15027 | Gauntlet | Identified the +5 ring mail of Hide-and-Seek {Slay+3} (You
                  | found it in a Gauntlet)
 15137 | Lair:3   | Noticed Sonja
 15150 | Lair:3   | Killed Sonja
 15571 | Lair:4   | Found a staircase to the Shoals.
 15977 | Lair:4   | Received a gift from Trog
 16335 | Lair:4   | Reached skill level 14 in Fighting
 16335 | Lair:4   | Reached XP level 14. HP: 118/119 MP: 14/14
 18052 | Lair:6   | Entered Level 6 of the Lair of Beasts
 18440 | Lair:6   | Reached skill level 15 in Shields
 20152 | Lair:6   | Reached XP level 15. HP: 111/126 MP: 15/15
 20814 | D:11     | Received a gift from Trog
 22480 | D:12     | Noticed Frances
 22515 | D:12     | Killed Frances
 22515 | D:12     | Reached skill level 15 in Fighting
 23427 | D:13     | Noticed Kirke
 23602 | D:12     | Killed Kirke
 24167 | Orc:1    | Entered Level 1 of the Orcish Mines
 24273 | Orc:1    | You fall into a shaft and drop 1 floor!
 24273 | Orc:2    | Entered Level 2 of the Orcish Mines
 24320 | Orc:2    | Noticed an orc warlord
 24337 | Orc:2    | Killed an orc warlord
 24419 | Orc:2    | Found a roughly hewn altar of Beogh.
 24472 | Orc:2    | Reached ****** piety under Trog
 24472 | Orc:2    | Received a gift from Trog
 25246 | Orc:2    | Found a staircase to the Elven Halls.
 25293 | Orc:2    | Noticed an orc warlord
 25471 | Orc:2    | Noticed an orc warlord
 25488 | Orc:1    | Killed an orc warlord
 25616 | Orc:1    | Reached skill level 10 in Armour
 26149 | Orc:2    | Noticed Blork the orc
 26161 | Orc:2    | Killed Blork the orc
 26196 | Orc:2    | Reached XP level 16. HP: 135/135 MP: 16/16
 26434 | Orc:2    | Found a roughly hewn altar of Beogh.
 26438 | Orc:2    | Found Ynuoti's Jewellery Boutique.
 26455 | Orc:2    | Found Ekuuguta's Antique Weapon Boutique.
 26471 | Orc:2    | Found Aqyism's Antique Armour Boutique.
 26487 | Orc:2    | Found Hic Vifop's General Store.
 26510 | Orc:2    | Bought the ring of Esso {rF+ MR+ Dex+7 Stlth+} for 569 gold
                  | pieces
 27482 | D:14     | Received a gift from Trog
 27530 | D:14     | Got an ichor-stained mace {god gift}
 27531 | D:14     | Identified the +3 mace "Uwnubla" {vorpal, Dex+6 Stlth+}
                  | (Trog gifted it to you on level 14 of the Dungeon)
 27703 | D:14     | Found a gate to the Vaults.
 27986 | D:14     | Reached skill level 16 in Fighting
 28173 | D:15     | Entered Level 15 of the Dungeon
 28598 | D:14     | Found a glowing golden altar of the Shining One.
 28731 | D:15     | Got a bloodstained hunting sling
 28743 | D:15     | Identified the +1 hunting sling "Dumoqau" {speed, rPois MR+
                  | Stlth-} (You found it on level 15 of the Dungeon)
 28833 | D:15     | Noticed Nessos
 28851 | D:15     | Killed Nessos
 28937 | D:15     | Found a staircase to the Depths.
 29509 | Elf:1    | Entered Level 1 of the Elven Halls
 30190 | Elf:1    | You fall into a shaft and drop 1 floor!
 30197 | Elf:2    | Reached XP level 17. HP: 124/145 MP: 17/17
 30204 | Elf:2    | Reached skill level 17 in Fighting
 30321 | Elf:2    | Found a runed translucent gate.
 30321 | Elf:2    | Found a runed translucent gate.
 30322 | Elf:2    | Found a runed translucent gate.
 30382 | Elf:2    | Received a gift from Trog
 30664 | Elf:1    | Reached skill level 18 in Fighting
 31700 | Elf:1    | Reached skill level 19 in Fighting
 31793 | Elf:1    | Identified the Collected Works on Conjuration
 32894 | Elf:2    | Received a gift from Trog
 32898 | Elf:2    | Reached XP level 18. HP: 162/162 MP: 18/18
 33453 | Lair:1   | Killed nebnoj's ghost
 33453 | Lair:1   | Reached skill level 20 in Fighting
 33486 | Lair:1   | Got a steaming ivory ring
 33489 | Lair:1   | Identified the ring of Naohexon {rPois rC+ EV+4 Dex+2} (You
                  | found it on level 1 of the Lair of Beasts)
 33567 | Snake:1  | Entered Level 1 of the Snake Pit
 34297 | Snake:1  | Reached skill level 10 in Dodging
 34357 | Snake:1  | Reached skill level 15 in Maces & Flails
 35062 | Snake:1  | Received a gift from Trog
 35509 | Snake:2  | Noticed Asterion
 35537 | Snake:2  | Killed Asterion
 36544 | Snake:2  | Noticed Aizul
 36563 | Snake:2  | Killed Aizul
 36574 | Snake:2  | Received a gift from Trog
 37989 | Snake:4  | Entered Level 4 of the Snake Pit
 38440 | Snake:4  | Reached XP level 19. HP: 154/169 MP: 9/19
 40682 | Snake:4  | Received a gift from Trog
 43626 | Snake:4  | Reached XP level 20. HP: 173/178 MP: 9/20
 43629 | Snake:4  | Received a gift from Trog
 43717 | Snake:4  | Identified the +0 morningstar of Dissatisfaction {vorpal,
                  | *Slow rPois rC+} (Trog gifted it to you on level 4 of the
                  | Snake Pit)
 43733 | Snake:4  | Got a serpentine rune of Zot
 44251 | Vaults:1 | Entered Level 1 of the Vaults
 45161 | Vaults:1 | Reached skill level 21 in Fighting
 45378 | Vaults:1 | Received a gift from Trog
 46372 | Vaults:2 | Reached skill level 15 in Armour
 47728 | Vaults:2 | Found a staircase to the Crypt.
 48241 | Vaults:2 | You fall into a shaft and drop 2 floors!
 48264 | Vaults:4 | Noticed Frederick
 48285 | Vaults:4 | Killed Frederick
 48285 | Vaults:4 | Received a gift from Trog
 48285 | Vaults:4 | Reached XP level 21. HP: 166/187 MP: 10/21
 49723 | Vaults:3 | Received a gift from Trog
 50613 | Vaults:4 | Reached skill level 22 in Fighting
 51011 | Vaults:4 | Noticed Xtahua
 51022 | Vaults:4 | Killed Xtahua
 51770 | Vaults:4 | Noticed Boris
 51787 | Vaults:4 | Killed Boris
 52499 | Elf:3    | Entered Level 3 of the Elven Halls
 52545 | Elf:3    | Reached XP level 22. HP: 173/196 MP: 10/22
 53172 | Elf:3    | Received a gift from Trog
 53427 | Elf:3    | Identified the +11 dagger of Destruction {vorpal, rElec rC-
                  | Str+9 Int+3}
 53998 | Elf:3    | Received a gift from Trog
 54198 | Elf:3    | Found the +6 shillelagh "Devastator" {shatter}
 54706 | Shoals:1 | Entered Level 1 of the Shoals
 55374 | Shoals:1 | Noticed Josephine
 55409 | Shoals:1 | Killed Josephine
 55544 | Shoals:1 | Reached skill level 15 in Dodging
 56625 | Shoals:2 | Reached XP level 23. HP: 205/205 MP: 10/23
 58186 | Shoals:3 | Received a gift from Trog
 58202 | Shoals:3 | Identified the +7 flail of Outrage {vorpal, *Drain +Blink
                  | rN+ Int+2} (Trog gifted it to you on level 3 of the Shoals)
 58822 | Shoals:4 | Entered Level 4 of the Shoals
 59833 | Shoals:4 | Noticed Polyphemus
 60198 | Shoals:4 | Got a barnacled rune of Zot
 60598 | Depths:1 | Entered Level 1 of the Depths
 60599 | Depths:1 | Noticed Boris
 60638 | D:15     | Killed Boris
 60638 | D:15     | Reached skill level 23 in Fighting
 61211 | Depths:1 | Received a gift from Trog
 61704 | Depths:1 | Found a one-way gate leading to the halls of Pandemonium.
 62069 | Depths:1 | Reached XP level 24. HP: 214/214 MP: 23/23
 62083 | Depths:1 | Found a runed translucent door.
 62119 | Depths:1 | Found a gateway to Hell.
 63191 | Depths:2 | Received a gift from Trog
 63400 | Depths:2 | Found a one-way gate to the infinite horrors of the Abyss.
 63598 | Depths:2 | Found an iron altar of Okawaru.
 64153 | Depths:4 | Noticed a juggernaut
 64153 | Depths:4 | Noticed a golden dragon
 64153 | Depths:4 | Noticed a golden dragon
 64155 | Depths:4 | Noticed a caustic shrike
 64157 | Depths:4 | Noticed a golden dragon
 64179 | Depths:3 | Killed a caustic shrike
 64267 | Depths:3 | Killed a juggernaut
 64288 | Depths:3 | Killed a golden dragon
 64288 | Depths:3 | Reached XP level 25. HP: 145/223 MP: 23/23
 64548 | Depths:3 | Noticed an ancient lich
 64555 | Depths:3 | Killed an ancient lich
 64555 | Depths:3 | Reached skill level 24 in Fighting
 64688 | Depths:3 | Received a gift from Trog
 65550 | Depths:3 | You fall into a shaft and drop 1 floor!
 65865 | Depths:4 | Noticed Louise
 65886 | Depths:4 | Killed Louise
 66869 | Depths:4 | Found Gagiqup's Food Shoppe.
 66871 | Depths:4 | Found a gateway to a ziggurat.
 66962 | Depths:4 | Received a gift from Trog
 67665 | Depths:5 | Entered Level 5 of the Depths
 68168 | Depths:4 | Reached XP level 26. HP: 164/232 MP: 23/23
 69457 | Depths:5 | Found a gate to the Realm of Zot.
 69874 | Crypt:1  | Entered Level 1 of the Crypt
 69890 | Crypt:1  | Received a gift from Trog
 70057 | Crypt:1  | Noticed Boris
 70072 | Crypt:1  | Killed Boris
 71026 | Crypt:1  | Found a runed translucent door.
 71027 | Crypt:1  | Noticed an ancient lich
 71043 | Crypt:1  | Killed an ancient lich
 71422 | Crypt:2  | Received a gift from Trog
 71726 | Crypt:2  | Reached skill level 25 in Fighting
 71892 | Crypt:2  | Reached XP level 27. HP: 216/241 MP: 7/23
 72359 | Crypt:2  | Found a shimmering altar of Xom.
 72622 | Crypt:3  | Entered Level 3 of the Crypt
 72632 | Crypt:3  | Found a staircase to the Tomb.
 72635 | Crypt:3  | Noticed Boris
 72653 | Crypt:2  | Killed Boris
 73160 | Crypt:3  | Received a gift from Trog
 73170 | Crypt:3  | Identified the +8 dire flail of the Yoke {vorpal, +Inv
                  | rElec rPois MR+} (Trog gifted it to you on level 3 of the
                  | Crypt)
 73288 | Crypt:3  | Reached skill level 1 in Evocations
 73526 | Crypt:3  | Reached skill level 5 in Evocations
 73644 | Crypt:3  | Noticed an ancient lich
 73659 | Crypt:3  | Killed an ancient lich
 74415 | Crypt:3  | Received a gift from Trog
 74495 | Crypt:3  | Identified the +5 broad axe of the Past {vorpal, MR+++
                  | Str-3 Dex+5} (Trog gifted it to you on level 3 of the
                  | Crypt)
 74621 | Crypt:3  | Reached skill level 10 in Evocations
 74982 | Crypt:3  | Found a runed translucent door.
 74982 | Crypt:3  | Found a shimmering altar of Xom.
 74982 | Crypt:3  | Noticed Vailuoroe's ghost (veteran GrEE)
 75153 | Crypt:3  | Killed Vailuoroe's ghost
 75601 | Vaults:5 | Entered Level 5 of the Vaults
 75827 | Vaults:5 | Identified the ring "Cigg" {+Fly Slay+3}
 75842 | Vaults:5 | Reached skill level 26 in Fighting
 76347 | Vaults:5 | Received a gift from Trog
 76367 | Vaults:5 | Found Suythrate's Antique Weapon Emporium.
 76637 | Vaults:5 | Noticed Boris
 76640 | Vaults:5 | Reached skill level 27 in Fighting
 76651 | Vaults:5 | Killed Boris
 77195 | Vaults:5 | Identified the +4 kite shield of Misanthropy {+Fly rF+++
                  | Str-5 Dex-5} (You found it on level 5 of the Vaults)
 77202 | Vaults:5 | Got a silver rune of Zot
 78122 | Zot:1    | Entered Level 1 of the Realm of Zot
 78320 | Zot:1    | Received a gift from Trog
 80888 | Zot:3    | Noticed an orb of fire
 80889 | Zot:3    | Gained mutation: Armour fits poorly on your strangely
                  | shaped body. [an orb of fire]
 80890 | Zot:3    | Gained mutation: Scrolls take you a little longer to read.
                  | [an orb of fire]
 80906 | Zot:3    | Gained mutation: Your magical capacity is low. (-10% MP)
                  | [an orb of fire]
 80911 | Zot:3    | Killed an orb of fire
 80914 | Zot:3    | Noticed an orb of fire
 80924 | Zot:3    | Killed an orb of fire
 82007 | Zot:3    | Received a gift from Trog
 84681 | Zot:5    | Entered Level 5 of the Realm of Zot
 85014 | Zot:5    | Noticed a Killer Klown
 85026 | Zot:5    | Killed a Killer Klown
 86015 | Zot:5    | Noticed an orb of fire
 86016 | Zot:5    | Gained mutation: You are frail. (-10% HP) [an orb of fire]
 86035 | Zot:5    | Killed an orb of fire
 86036 | Zot:5    | Lost mutation: Scrolls take you a little longer to read.
                  | [potion of mutation]
 86036 | Zot:5    | Lost mutation: Armour fits poorly on your strangely shaped
                  | body. [potion of mutation]
 86036 | Zot:5    | Lost mutation: You are frail. (-10% HP) [potion of
                  | mutation]
 86036 | Zot:5    | Lost mutation: Your magical capacity is low. (-10% MP)
                  | [potion of mutation]
 86036 | Zot:5    | Gained mutation: You are clumsy. (Dex -2) [potion of
                  | mutation]
 86036 | Zot:5    | Gained mutation: Your flesh is heat resistant. (rF+)
                  | [potion of mutation]
 86077 | Zot:5    | Noticed a Killer Klown
 86121 | Zot:5    | Killed a Killer Klown
 86158 | Zot:5    | Noticed an ancient lich
 86159 | Zot:5    | Noticed a Killer Klown
 86183 | Zot:5    | Killed an ancient lich
 86193 | Zot:5    | Killed a Killer Klown
 86437 | Zot:5    | Noticed an orb of fire
 86464 | Zot:5    | Killed an orb of fire
 86587 | Zot:5    | Noticed a Killer Klown
 86588 | Zot:5    | Noticed an orb of fire
 86588 | Zot:5    | Noticed an orb of fire
 86591 | Zot:5    | Gained mutation: You are frail. (-10% HP) [an orb of fire]
 86595 | Zot:5    | Noticed an ancient lich
 86604 | Zot:5    | Gained mutation: Scrolls take you a little longer to read.
                  | [an orb of fire]
 86611 | Zot:5    | Killed an orb of fire
 86617 | Zot:5    | Killed an ancient lich
 86618 | Zot:5    | Noticed a juggernaut
 86618 | Zot:5    | a Killer Klown changed into a juggernaut
 86628 | Zot:5    | Gained mutation: Scrolls take you longer to read. [an orb
                  | of fire]
 86635 | Zot:5    | Killed an orb of fire
 86644 | Zot:5    | Killed a juggernaut
 86644 | Zot:5    | Received a gift from Trog
 86825 | Zot:5    | Lost mutation: Scrolls take you longer to read. [potion of
                  | mutation]
 86825 | Zot:5    | Lost mutation: Scrolls take you a little longer to read.
                  | [potion of mutation]
 86825 | Zot:5    | Lost mutation: You are clumsy. (Dex -2) [potion of
                  | mutation]
 86825 | Zot:5    | Gained mutation: You are partially covered in molten
                  | scales. (AC +2) [potion of mutation]
 86825 | Zot:5    | Gained mutation: Your flesh is very heat resistant. (rF++)
                  | [potion of mutation]
 87073 | Zot:5    | Identified the +11 dagger "Lofras" {flame, *Slow Str+2
                  | SInv}
 87284 | Zot:5    | Noticed an orb of fire
 87288 | Zot:5    | Gained mutation: You are partially covered in slimy green
                  | scales. (AC +2) [an orb of fire]
 87313 | Zot:5    | Killed an orb of fire
 87470 | Zot:5    | Noticed an orb of fire
 87472 | Zot:5    | Gained mutation: Scrolls take you a little longer to read.
                  | [an orb of fire]
 87485 | Zot:5    | Killed an orb of fire
 87532 | Zot:5    | Noticed a Killer Klown
 87532 | Zot:5    | Noticed an ancient lich
 87553 | Zot:5    | Killed an ancient lich
 87572 | Zot:5    | Killed a Killer Klown
 87998 | Zot:5    | Noticed an orb of fire
 87999 | Zot:5    | Gained mutation: You are very frail. (-20% HP) [an orb of
                  | fire]
 88005 | Zot:5    | Gained mutation: Scrolls take you longer to read. [an orb
                  | of fire]
 88008 | Zot:5    | Gained mutation: Potions are less effective at restoring
                  | your health. [an orb of fire]
 88019 | Zot:5    | Killed an orb of fire
 88464 | Zot:5    | Noticed an ancient lich
 88478 | Zot:5    | Killed an ancient lich
 89572 | Zot:5    | Got the Orb of Zot
 89580 | Zot:5    | Lost mutation: Your flesh is very heat resistant. (rF++)
                  | [potion of mutation]
 89580 | Zot:5    | Lost mutation: You are partially covered in molten scales.
                  | (AC +2) [potion of mutation]
 89580 | Zot:5    | Lost mutation: Scrolls take you longer to read. [potion of
                  | mutation]
 89580 | Zot:5    | Gained mutation: Armour fits poorly on your strangely
                  | shaped body. [potion of mutation]
 89580 | Zot:5    | Gained mutation: Your muscles are strong. (Str +2) [potion
                  | of mutation]
 89581 | Zot:5    | Lost mutation: Scrolls take you a little longer to read.
                  | [potion of mutation]
 89581 | Zot:5    | Lost mutation: You are very frail. (-20% HP) [potion of
                  | mutation]
 89581 | Zot:5    | Gained mutation: You expend magic power (3 MP) to
                  | strengthen your wands. [potion of mutation]
 89581 | Zot:5    | Gained mutation: You have sharp toenails. [potion of
                  | mutation]
 89582 | Zot:5    | Lost mutation: You expend magic power (3 MP) to strengthen
                  | your wands. [potion of mutation]
 89582 | Zot:5    | Lost mutation: You have sharp toenails. [potion of
                  | mutation]
 89582 | Zot:5    | Lost mutation: You are frail. (-10% HP) [potion of
                  | mutation]
 89582 | Zot:5    | Gained mutation: You expend magic power (3 MP) to
                  | strengthen your wands. [potion of mutation]
 89611 | Zot:5    | Noticed Pizas the pandemonium lord
 89621 | Zot:5    | Killed Pizas the pandemonium lord
 90039 | Depths:3 | Noticed a seraph
 90426 | D:$      | Escaped with the Orb!

Illustrated notes

Levels and vault maps discovered:
D:1:      dpeg_arrival_signposts, layout_loops_ring
D:2:      layout_basic
D:3:      layout_basic, gammafunk_ghost_grave
D:4:      layout_layer_cave, minmay_temple_entry_water_ring, first_ration,
          minivault_26
D:5:      layout_basic, lemuel_coloured_pillars_altar
D:6:      layout_gridville, nicolae_dithmenos_the_darkroom, uniq_sigmund,
          uniq_grinder
D:7:      minmay_the_grid_octo_2x2 [minmay_the_grid_octo_empty,
          minmay_the_grid_octo_fat_diamond, minmay_the_grid_octo_fan_narrow,
          minmay_the_grid_octo_prize_ultimate_mussel_roller], layout_cave_pools,
          serial_shops, shop
D:8:      layout_loops_cross
D:9:      layout_basic, minmay_chambers_of_fives
D:10:     layout_long_grid, dpeg_oklobed_lair, minmay_orc_entry_temple_small,
          grunt_livestock, uniq_fannar
D:11:     minmay_evil_eye, layout_layer_cave
D:12:     layout_irregular_city, uniq_frances
D:13:     layout_basic, uniq_kirke
D:14:     lemuel_upstairs_altar, layout_rooms, erik_vaults_1, minivault_26,
          minivault_28
D:15:     hangedman_depths_entry_try_elsewhere_first, layout_loops_cross,
          minmay_starry_boxes, uniq_nessos
Lair:1:   layout_loops_ring, gammafunk_ghost_necromancy, uniq_nergalle
Lair:2:   layout_hall_layers, guppyfry_snake_entry_island, uniq_erica,
          uniq_gastronok, uniq_urug
Lair:3:   wander_river, layout_chaotic_city, gauntlet_entry_generic, uniq_sonja
Lair:4:   minmay_lair_oklob_tunnel, layout_hall_layers,
          elwin_shoals_entry_rocks, chequers_serial_rivers_marsh
Lair:5:   layout_regular_city, minmay_slime_entry_oklob_enclosed,
          grunt_forest_stairs_clearing, infiniplex_staircase_pool
Lair:6:   evilmike_catoblepas_cave, layout_hall_layers, grunt_megastairs_1
Shoals:1: layout_shoals, uniq_josephine
Shoals:2: layout_shoals
Shoals:3: argonaut_golden_fleece, layout_shoals, nicolae_shoals_water_shrine
Shoals:4: shoals_end_grunt_ice, layout_shoals, nicolae_shoals_isolated_beach,
          uniq_polyphemus
Snake:1:  layout_gridlike
Snake:2:  layout_misc_corridors, uniq_asterion, uniq_aizul
Snake:3:  layout_onion, drop_trap, st_stairs_9
Snake:4:  grunt_snake_rune_spirals, layout_onion
Orc:1:    layout_caves
Orc:2:    grunt_orc_cross, layout_caves, basic_altar
Elf:1:    elf_arrival_002, layout_onion_city, minmay_elf_annihilation
Elf:2:    layout_onion_city
Elf:3:    elf_hall, layout_rooms, due_unseen_surprise
Vaults:1: nicolae_vaults_big_ls, v_misc_1, ontoclasm_vaults_ligature,
          vaults_mumra_hexcomb, layout_vaults_quadrants
Vaults:2: vaults_room_grunt_arrival_checkpoint, minmay_crypt_entry_simple_walls,
          serial_ice_g, v_alt_pattern_3, nicolae_vaults_triangles, v_misc_24,
          nicolae_vaults_yaktaur_gun_rack, st_lines, nicolae_vaults_asterisk,
          layout_vaults_omnicross
Vaults:3: ontoclasm_vaults_loading_screen, nicolae_vaults_circle_grid_a,
          ontoclasm_vaults_shout, ontoclasm_vaults_misaligned, v_misc_18,
          v_misc_9, vaults_room_door_ring, vaults_dpeg_hooks,
          vaults_mumra_minichess_inversion, vaults_room_pool, layout_vaults_ring
Vaults:4: v_misc_22, vaults_room_large_hall, v_rooms_6, st_star, v_misc_16,
          nicolae_vaults_little_squares_3, v_misc_15,
          layout_vaults_chaotic_city, uniq_frederick, uniq_boris, uniq_xtahua
Vaults:5: serial_shops
Crypt:1:  cheibrodos_crypt_cold_storage, layout_chaotic_city,
          minmay_misc_feat_cross
Crypt:2:  due_chaos_kobolds, layout_misc_corridors, grunt_megastairs_2,
          lemuel_elevator
Crypt:3:  due_elkab, layout_chaotic_city, ebering_ghost_xom
Depths:1: layout_honeycomb, grunt_mini_vestibule,
          chequers_serial_rivers_small_a, pan_entry, minmay_crystal_room,
          lightli_gold_pyramid
Depths:2: kennysheep_blocky_hall, layout_small_grid, abyss_entry, hell_entry,
          okawaru_ov_weapons_minmay
Depths:3: lemuel_river_lethe, hell_entry, pan_entry
Depths:4: minmay_ambush_box, layout_gridlike, enter_ziggurat_f, serial_shops,
          shop, hell_entry, nicolae_abyss_entry_one_way_or_another
Depths:5: evilmike_zot_entry_diamond, layout_cave_pools,
          minmay_misc_feat_diagonals, pf_hell_entry_tar_river,
          rand_demon_pan_entry_1
Zot:1:    layout_twisted_circle, lemuel_golem_globe
Zot:2:    layout_gridville
Zot:3:    layout_cathedral_of_symmetry
Zot:4:    layout_cathedral_of_symmetry
Zot:5:    layout_gridlike

Skill      XL: |  1  2  3  4  5  6  7  8  9 10 11 12 13 14 15 16 17 18 19 20 21 22 23 24 25 26 27 |
---------------+----------------------------------------------------------------------------------+-----
Dodging        | 2 3 4 5 6 7 8 9 11 12 13 14 15 16 17 18 21 | 21.5
Fighting       | 4 5 6 7 9 11 12 14 15 16 19 20 21 22 23 24 25 27 | 27.0
Maces & Flails | 4 5 6 7 8 10 11 12 13 14 15 16 17 18 19 20 23 | 23.8
Armour         | 3 4 5 6 7 8 10 11 12 14 15 16 17 18 19 20 24 | 24.7
Shields        | 5 9 11 13 15 | 15.0
Evocations     | 12 | 12.0

Action                   |  1- 3 |  4- 6 |  7- 9 | 10-12 | 13-15 | 16-18 | 19-21 | 22-24 | 25-27 || total
-------------------------+-------+-------+-------+-------+-------+-------+-------+-------+-------++-------
Melee: Mace              |    78 |   149 |   270 |   627 |       |       |       |       |       ||  1124
       Whip              |       |       |    56 |    13 |       |       |       |       |       ||    69
       Flail             |       |       |       |    70 |       |       |       |       |       ||    70
       Morningstar       |       |       |       |   156 |   164 |       |       |  1033 |   811 ||  2164
       Great mace        |       |       |       |       |   767 |  1004 |  1564 |   781 |  2613 ||  6729
       Unarmed           |       |       |       |       |     2 |       |       |       |       ||     2
       Demon whip        |       |       |       |       |       |    38 |       |       |       ||    38
       Dire flail        |       |       |       |       |       |       |       |       |   364 ||   364
       Broad axe         |       |       |       |       |       |       |       |       |   154 ||   154
 Fire: Hunting sling     |       |       |       |       |       |    29 |       |       |       ||    29
Throw: Stone             |     5 |       |       |       |       |       |       |       |       ||     5
       Dart              |       |    12 |    16 |     2 |       |     3 |       |       |       ||    33
Invok: Trog's Hand       |       |     2 |     3 |     4 |     4 |     8 |    13 |     9 |    24 ||    67
       Brothers in Arms  |       |       |       |       |     1 |     5 |     8 |     6 |    18 ||    38
 Abil: Dig               |     4 |     2 |    10 |    15 |    15 |    29 |     5 |    41 |    53 ||   174
Evoke: Wand              |       |     9 |     2 |       |     8 |       |     7 |     1 |     1 ||    28
  Use: Scroll            |       |     8 |     6 |     7 |    16 |     7 |     3 |    11 |    16 ||    74
       Potion            |       |     1 |       |       |       |     2 |     1 |     3 |    15 ||    22
 Stab: Distracted        |       |       |       |     1 |     1 |     1 |       |     2 |     2 ||     7
       Confused          |       |       |       |       |       |       |       |     1 |       ||     1
       Invisible         |       |       |       |       |       |       |       |       |     7 ||     7
  Eat: Chunk             |     4 |     4 |     7 |    28 |    26 |    26 |    30 |    33 |    34 ||   192
       Ration            |       |     2 |     1 |     1 |     5 |     7 |     7 |     5 |    24 ||    52
Armor: Scale mail        |    37 |    51 |     1 |       |       |       |       |       |       ||    89
       Plate armour      |       |       |   171 |   279 |   169 |   138 |   252 |   186 |   347 ||  1542
       Gold dragon scale |       |       |       |       |       |       |       |       |   140 ||   140
Dodge: Dodged            |    49 |    98 |   130 |   137 |   244 |   235 |   519 |   575 |  1445 ||  3432
       Repelled          |       |       |       |       |       |       |       |    26 |    50 ||    76
Block: Tower shield      |       |       |       |   565 |   812 |   824 |  1406 |  1741 |  3631 ||  8979
       Reflection        |       |       |       |       |       |       |       |    94 |    82 ||   176
